 Dungeon Crawl Stone Soup version 0.27-a0-1334-g2746e35aca (webtiles) character file.

Game seed: 15348093350299195251

282 Sabo the Shield-Bearer (level 6, -2/52 HPs)
             Began as a Minotaur Fighter on June 25, 2021.
             Was a Follower of Yredelemnul.
             Slain by Edmund (9 damage)
             ... on level 4 of the Dungeon on June 26, 2021.
             The game lasted 00:20:46 (3056 turns).

Sabo the Shield-Bearer (Minotaur Fighter)           Turns: 3056, Time: 00:20:48

Health: -2/52      AC:  7    Str: 21    XL:     6   Next: 6%
Magic:  5/5        EV:  8    Int:  5    God:    Yredelemnul [*.....]
Gold:   9          SH: 10    Dex: 11    Spells: 5/5 levels left

rFire    . . .     SeeInvis .   a - +0 war axe
rCold    . . .     Faith    .   c - +0 kite shield
rNeg     . . .     Spirit   .   b - +0 scale mail
rPois    .         Reflect  .   (helmet restricted)
rElec    .         Harm     .   (no cloak)
rCorr    .         Rampage  .   (no gloves)
Will     .....                  (no boots)
Stlth    ..........             (no amulet)
HPRegen  0.17/turn              (no ring)
MPRegen  0.09/turn              (no ring)

@: no status effects
A: horns 2, retaliatory headbutt
a: Renounce Religion, Animate Remains


You were on level 4 of the Dungeon.
You worshipped Yredelemnul.
Yredelemnul was aware of your devotion.
You visited 1 branch of the dungeon, and saw 4 of its levels.

You collected 69 gold pieces.
You spent 60 gold pieces at shops.

Inventory:

Hand Weapons
 a - a +0 war axe (weapon)
 f - a +0 hunting sling
Missiles
 l - 58 sling bullets
 n - 5 atropa-tipped darts (quivered)
 p - 23 bolts
 s - 6 javelins
Armour
 b - a +0 scale mail (worn)
 c - a +0 kite shield (worn)
Scrolls
 d - a scroll of enchant armour
 e - a scroll of noise {unknown}
 h - a scroll of summoning {unknown}
 o - a scroll of fear {unknown}
 r - 2 scrolls of teleportation
 t - a scroll of vulnerability {unknown}
Potions
 g - 2 potions of heal wounds
 i - 3 potions of curing {unknown}
 j - a potion of magic {unknown}
 k - a potion of cancellation {unknown}
 m - a potion of attraction {unknown}


   Skills:
 + Level 4.3 Fighting
 + Level 5.1 Axes
 + Level 4.6 Armour
 + Level 1.0 Dodging
 + Level 0.1 Stealth
 + Level 5.3 Shields
 + Level 0.2 Invocations


You had 5 spell levels left.
You didn't know any spells.
Your spell library was empty.

Dungeon Overview and Level Annotations

Branches:
Dungeon (4/15)
 Temple: D:4-7

Altars:
Yredelemnul
The Shining One

Shops:
D:3 !

Annotations:
D:4 Edmund


Innate Abilities, Weirdness & Mutations

You have a pair of horns on your head.
You reflexively headbutt those who attack you in melee.


Message History

You closely miss Edmund. You headbutt Edmund, but do no damage.
You block Edmund's attack. x2
You hit Edmund. You headbutt Edmund.
Edmund is lightly wounded.
Edmund hits you with a +2 flail of protection.
You hit Edmund but do no damage.
Edmund is lightly wounded.
Edmund hits you with a +2 flail of protection.
You block Edmund's attack.
You closely miss Edmund.
Edmund is lightly wounded.
You block Edmund's attack.
You barely miss Edmund.
Edmund is lightly wounded.
You block Edmund's attack. Edmund completely misses you.
You slash Edmund!
Edmund is moderately wounded.
Edmund hits you with a +2 flail of protection!
You slash Edmund! Your headbutt misses Edmund.
Edmund is heavily wounded.
Edmund hits you with a +2 flail of protection.
Edmund drinks a potion.
Edmund is healed!
You hit Edmund but do no damage.
Edmund is lightly wounded.
Edmund hits you with a +2 flail of protection.
You slash Edmund! You headbutt Edmund.
Edmund is moderately wounded.
Edmund hits you with a +2 flail of protection.
Edmund barely misses you.
You closely miss Edmund.
Edmund is moderately wounded.
Edmund says, "People accused me of being a cutpurse!"
Edmund hits you with a +2 flail of protection.
You closely miss Edmund. You headbutt Edmund, but do no damage.
Edmund is moderately wounded.
Edmund hits you with a +2 flail of protection!
* * * LOW HITPOINT WARNING * * *
Edmund hits you with a +2 flail of protection!
You die...
Your body rises from the dead as a mindless zombie.

..( #.# ...# #.##
...# ... .....
#.###.....#
#######.........#
#......[###....#
#..............#
#.......@@.....#
#.......####...#
#........... ..#
#....#....... .
##...(#..#.....
#......#.#...#.
#......#...#.#
#.......#..#..
#.......#...


You could see Edmund.

Vanquished Creatures
  Sigmund (D:2)
  An orc priest (D:3)
  3 adders
  A worm (D:2)
  2 dart slugs (D:1)
  4 orcs (D:3)
  5 ball pythons
  5 endoplasms
  4 giant cockroaches
  3 goblins
  4 hobgoblins
  5 jackals
  4 quokkas
  5 bats
  A frilled lizard (D:2)
  8 kobolds
  5 rats
61 creatures vanquished.

Vanquished Creatures (collateral kills)
  An orc (D:3)
  2 bats (D:3)
  A jackal (D:3)
  A ball python (D:3)
5 creatures vanquished.

Vanquished Creatures (others)
  An adder zombie (D:3)
  A ball python zombie (D:3)
2 creatures vanquished.

Grand Total: 68 creatures vanquished

Notes
Turn   | Place    | Note
-------+----------+-------------------------------------------
     0 | D:1      | Sabo the Minotaur Fighter began the quest for the Orb.
     0 | D:1      | Reached XP level 1. HP: 19/19 MP: 0/0
   125 | D:1      | Reached XP level 2. HP: 27/27 MP: 1/1
   700 | D:1      | Reached XP level 3. HP: 33/33 MP: 2/2
  1488 | D:2      | Found a faded altar of an unknown god.
  1510 | D:2      | Became a worshipper of Yredelemnul the Dark
  1510 | D:2      | Reached * piety under Yredelemnul
  1536 | D:2      | Upgraded the game from 0.27-a0-1325-g58a489ad9e to
                  | 0.27-a0-1334-g2746e35aca
  1813 | D:2      | Noticed Sigmund
  1819 | D:2      | Killed Sigmund
  1820 | D:2      | Reached skill level 5 in Shields
  1820 | D:2      | Reached XP level 4. HP: 38/40 MP: 3/3
  1820 | D:2      | Reached XP level 5. HP: 44/46 MP: 4/4
  2074 | D:3      | Found Leodidol's Distillery.
  2201 | D:3      | Reached skill level 5 in Axes
  2201 | D:3      | Reached skill level 1 in Dodging
  2332 | D:3      | Reached XP level 6. HP: 52/52 MP: 5/5
  2461 | D:3      | Found a glowing golden altar of the Shining One.
  2881 | D:3      | Bought a potion of heal wounds for 60 gold pieces
  3028 | D:4      | Noticed Edmund
  3056 | D:4      | Slain by Edmund

Illustrated notes

Levels and vault maps discovered:
D:1:      onia_arrival_pentagram, layout_basic
D:2:      layout_rooms, chequers_ecumenical_altar_simple_redux, uniq_sigmund
D:3:      layout_basic, lemuel_doored_altar, serial_shops, shop
D:4:      layout_basic, portal_sewer_entry_e, ebering_ghost_reflecting_pool,
          hangedman_decor_peaks_small, uniq_natasha, uniq_menkaure,
          uniq_crazy_yiuf_cottage, uniq_edmund

Skill      XL: |  1  2  3  4  5 |
---------------+----------------+-----
Armour         | 4 |  4.6
Axes           | 3 4 5 |  5.1
Shields        | 4 5 |  5.3
Fighting       | 4 |  4.3
Dodging        | 1 |  1.0
Stealth        | |  0.1
Invocations    | |  0.2

Action                   |  1- 3 |  4- 6 || total
-------------------------+-------+-------++-------
Melee: War axe           |    93 |    53 ||   146
       Headbutt          |    15 |    10 ||    25
Invok: Animate Remains   |     1 |     8 ||     9
  Use: Potion            |     1 |       ||     1
       Scroll            |       |     2 ||     2
Armor: Scale mail        |    54 |    13 ||    67
Dodge: Dodged            |    28 |    19 ||    47
Block: Kite shield       |    60 |    31 ||    91

Table legend: (Time is in decaauts)
 A = Elapsed time spent in this place.
 B = Non-inter-level travel time spent in this place.
 C = Inter-level travel time spent in this place.
 D = Time resting spent in this place.
 E = Time spent auto-exploring this place.
 F = Levels seen in this place.
 G = Mean time per level.
                   A        B        C        D        E       F      G
               +--------+--------+--------+--------+--------+-----+--------+
         Total |   3130 |   3130 |      0 |    499 |      0 |   4 |  782.5 |
       Dungeon |   3130 |   3130 |      0 |    499 |      0 |   4 |  782.5 |
               +--------+--------+--------+--------+--------+-----+--------+

Top non-repeatable levels by time:
     D:1: 1187 daAuts
     D:3: 1082 daAuts
     D:2: 823 daAuts
     D:4: 37 daAuts
